 Dungeon Crawl Stone Soup version 0.17.0-28-g6e173f8 (webtiles) character file.

132 Rex the Skirmisher (level 4, -2/41 HPs)
             Began as a Minotaur Fighter on Dec 1, 2015.
             Slain by a sky beast (5 damage)
             ... on level 3 of the Dungeon.
             The game lasted 00:06:29 (2426 turns).

Rex the Skirmisher (Minotaur Fighter)               Turns: 2426, Time: 00:06:30

Health: -2/41      AC: 10    Str: 30 (31) XL:     4   Next: 92%
Magic:  3/3        EV:  8    Int:  5      God:
Gold:   157        SH: 10    Dex:  9      Spells: 0 memorised, 3 levels left

rFire  . . .     SeeInvis .     a - +0 war axe
rCold  . . .     Clarity  .     b - +1 scale mail
rNeg   . . .     SustAt   .     c - +0 shield
rPois  .         Gourm    .     (helmet restricted)
rElec  .         Spirit   .     s - +1 cloak
rCorr  .         Warding  .     (no gloves)
rMut   .         Stasis   .     (no boots)
MR     .....                    (no amulet)
Stlth  ..........               m - -3 ring of slaying (curse)
                                h - +4 ring of strength

@: mighty, not resistant to hostile enchantments, extremely unstealthy
A: retaliatory headbutt, horns 2
a: no special abilities


You were on level 3 of the Dungeon.
You were not hungry.

You visited 1 branch of the dungeon, and saw 3 of its levels.

You collected 157 gold pieces.

Inventory:

Hand Weapons
 a - a +0 war axe (weapon)
Armour
 b - a +1 scale mail (worn)
 c - a +0 shield (worn)
 s - a +1 cloak (worn)
Jewellery
 h - a +4 ring of strength (left hand)
 m - a cursed -3 ring of slaying (right hand)
 n - an uncursed ring of fire {unknown}
Scrolls
 j - 2 scrolls of teleportation
 k - 4 scrolls of identify
 l - a scroll of fear
Potions
 d - a potion of might
Books
 g - a Young Poisoner's Handbook

   Spells                             Type                      Level
   a - Sting                          Conjuration/Poison           1
   b - Cure Poison                    Poison                       2
   c - Mephitic Cloud                 Conjuration/Poison/Air       3
   d - Olgreb's Toxic Radiance        Poison                       4
   e - Venom Bolt                     Conjuration/Poison           5
Comestibles
 e - 3 bread rations
 f - 2 meat rations
 i - a slice of pizza
 p - 7 chunks of flesh
 r - a beef jerky


   Skills:
 + Level 4.7 Fighting
 + Level 3.4 Axes
 + Level 4.4 Armour
 + Level 1.2 Dodging
 + Level 4.5 Shields


You had 3 spell levels left.
You didn't know any spells.

Dungeon Overview and Level Annotations

Branches:
Dungeon (3/15)

Altars:


Innate Abilities, Weirdness & Mutations

You reflexively headbutt those who attack you in melee.
You have a pair of horns on your head.


Message History

You miss something.
A sky beast appears from thin air!
Reactivating autopickup.
You block the sky beast's attack.
You hit the sky beast.
The sky beast is heavily wounded.
The sky beast barely misses you.
You hit the sky beast but do no damage.
The sky beast is heavily wounded.
You block the sky beast's attack.
The sky beast flickers out of sight!
Deactivating autopickup; reactivate with Ctrl-A.
Something hits you.
* * * LOW HITPOINT WARNING * * *
Something shocks you.
* * * LOW HITPOINT WARNING * * *
Drink which item? (? for menu, Esc to quit)
You feel very mighty all of a sudden. Something hits you.
* * * LOW HITPOINT WARNING * * *
Something shocks you.
You die...

.... ..##.# ## #..#
#.##.## ##. #..#
###.#...###..
###..###.....รท......
#........#.#...###..
#.#..#####.##.## ###
# #........##.#
#$###.#{#########.#
#%.....@# #+#
#####.### #.. #. #.
## # +. ##


There were no monsters in sight!

Vanquished Creatures
  An orc wizard (D:3)
  3 adders
  A gnoll (D:1)
  An ooze (D:3)
  A worm (D:2)
  2 giant geckos
  2 orcs (D:3)
  7 bats
  4 giant cockroaches
  4 goblins
  4 hobgoblins
  9 kobolds
  A quokka (D:2)
  A ball python (D:3)
  A giant newt (D:3)
  9 jackals
  4 rats
55 creatures vanquished.

Notes
Turn   | Place    | Note
--------------------------------------------------------------
     0 | D:1      | Rex the Minotaur Fighter began the quest for the Orb.
     0 | D:1      | Reached XP level 1. HP: 19/19 MP: 0/0
   124 | D:1      | Reached skill level 4 in Fighting
   124 | D:1      | Reached XP level 2. HP: 12/27 MP: 1/1
   844 | D:1      | Reached XP level 3. HP: 33/33 MP: 2/2
  1555 | D:2      | Reached XP level 4. HP: 41/41 MP: 3/3
  2226 | D:3      | Reached skill level 1 in Dodging
  2392 | D:3      | Noticed a sky beast
  2426 | D:3      | Slain by a sky beast

Action                   |  1- 3 |  4- 6 || total
-------------------------+-------+-------++-------
Melee: War axe           |    77 |    78 ||   155
  Use: Potion            |     4 |     4 ||     8
       Scroll            |       |     6 ||     6
  Eat: Chunk             |     2 |     3 ||     5
